 Dungeon Crawl Stone Soup version 0.26.1-11-gd32895ea62 (webtiles) character file.

Game seed: 15366540132357446381

2428 dtburroughs the Cleaver (level 9, -13/81 HPs)
             Began as a Minotaur Berserker on June 13, 2021.
             Was a Priest of Trog.
             Mangled by a death yak (17 damage)
             ... on level 8 of the Dungeon.
             The game lasted 00:15:49 (9935 turns).

dtburroughs the Cleaver (Minotaur Berserker)        Turns: 9935, Time: 00:15:50

Health: -13/81     AC: 10    Str: 22    XL:     9   Next: 24%
Magic:  8/8        EV: 10    Int:  7    God:    Trog [***...]
Gold:   452        SH:  0    Dex: 10    Spells: 8/8 levels left

rFire    . . .     SeeInvis .   c - +2 flail (drain)
rCold    . . .     Faith    .   (no shield)
rNeg     . . .     Spirit   .   k - +0 chain mail
rPois    .         Reflect  .   (helmet restricted)
rElec    .         Harm     .   (no cloak)
rCorr    .         Rampage  .   (no gloves)
Will     ++...                  (no boots)
Stlth    ..........             (no amulet)
HPRegen  1.23/turn              (no ring)
MPRegen  0.11/turn              (no ring)

@: berserk cooldown, regenerating, slowed, very slow
A: retaliatory headbutt, horns 2
a: Renounce Religion, Berserk, Trog's Hand


You were on level 8 of the Dungeon.
You worshipped Trog.
Trog was most pleased with you.
You visited 1 branch of the dungeon, and saw 9 of its levels.

You collected 452 gold pieces.

Inventory:

Hand Weapons
 a - a +0 hand axe
 c - a +2 flail of draining (weapon)
 B - a +0 morningstar
Armour
 j - a cursed +0 ring mail
 k - a +0 chain mail (worn)
Jewellery
 d - an uncursed ring of flight {unknown}
 g - a cursed -4 ring of intelligence {unknown}
 z - a +6 ring of dexterity {unknown}
 A - a +6 ring of intelligence {unknown}
Wands
 h - a wand of polymorph (3)
 r - a wand of digging (4)
Scrolls
 f - 2 scrolls of blinking
 i - a scroll of magic mapping {unknown}
 m - a scroll of random uselessness {unknown}
 o - 4 scrolls of remove curse {unknown}
 v - a scroll of fog {unknown}
 w - 11 scrolls of identify
 y - 2 scrolls of teleportation {unknown}
Potions
 b - a potion of berserk rage
 e - a potion of flight {unknown}
 l - a potion of cancellation {unknown}
 n - a potion of brilliance {unknown}
 p - 2 potions of heal wounds
 q - 2 potions of attraction {unknown}
 s - a potion of invisibility {unknown}
 t - 4 potions of curing {unknown}
 u - a potion of magic {unknown}
 x - a potion of resistance {unknown}


   Skills:
 + Level 7.9 Fighting
 + Level 8.0 Axes
 + Level 7.3 Armour
 + Level 6.7 Dodging
 + Level 3.4 Evocations


You had 8 spell levels left.
You didn't know any spells.
Your spell library was empty.

Dungeon Overview and Level Annotations

Branches:
Dungeon (9/15)             Temple (0/1) D:7
   Lair: D:8-11         Orc: D:9-12

Altars:
Ashenzari
Cheibriados
Dithmenos
Gozag
Hepliaklqana
Kikubaaqudgha
Makhleb
Nemelex Xobeh
Qazlal
Uskayaw
Vehumet
Yredelemnul
The Shining One

Annotations:
D:3 2 transporters


Innate Abilities, Weirdness & Mutations

You reflexively headbutt those who attack you in melee.
You have a pair of horns on your head.


Message History

The death yak resists with almost no effort.
The death yak gores you but does no damage.
It was a potion of berserk rage.
A red film seems to cover your vision as you go berserk!
You feel yourself moving faster!
You feel mighty! The death yak gores you!
You feel a strong urge to attack something.
You feel your anger nearly subside.
You are no longer berserk.
You are exhausted.
You feel yourself slow down.
The death yak snorts and paws the ground.
The death yak gores you!!
* * * LOW HITPOINT WARNING * * *
There is a stone staircase leading up, spattered with blood here.
Your skin crawls.
You feel strong-willed. The death yak gores you!
* * * LOW HITPOINT WARNING * * *
The death yak gores you!
You die...

#.....# #.............
####..####.............
#....##........#....
#####.#.............###
#########...#.).#...)......##
#............##............#
#..........................#
#............Y#.##.........####
#.............@..#.............
#..............................
#..............#...............
#..............................
#..............................
##..............................
#...............................
#.........##................)...
#........###(#..................


You could see a death yak.

Vanquished Creatures
  Prince Ribbit (D:5)
  Grinder (D:5)
  A shadow (D:8)
  A steam dragon (D:7)
  A water moccasin (D:8)
  An ice beast (D:8)
  A phantom (D:8)
  2 sky beasts
  An ogre (D:5)
  A centaur (D:5)
  3 bullfrogs
  3 scorpions
  2 quasits
  A jelly (D:8)
  3 orc priests
  A centaur skeleton (D:4)
  2 hounds
  6 orc wizards
  2 bullfrog skeletons
  Ijyb (D:3)
  An iguana (D:4)
  10 adders
  A howler monkey skeleton (D:6)
  A white imp (D:7)
  2 oozes (D:1)
  An adder skeleton (D:8)
  2 worms
  A dart slug (D:3)
  2 leopard geckos
  20 orcs
  4 bats
  9 giant cockroaches
  5 goblins
  6 hobgoblins
  14 jackals
  9 kobolds
  2 quokkas
  6 frilled lizards
  2 leopard gecko skeletons
  9 rats
142 creatures vanquished.

Vanquished Creatures (others)
  5 withered plants (D:2)
5 creatures vanquished.

Grand Total: 147 creatures vanquished

Notes
Turn   | Place    | Note
-------+----------+-------------------------------------------
     0 | D:1      | dtburroughs the Minotaur Berserker began the quest for the
                  | Orb.
     0 | D:1      | Reached XP level 1. HP: 19/19 MP: 0/0
   303 | D:1      | Reached XP level 2. HP: 27/27 MP: 1/1
   779 | D:1      | Reached skill level 4 in Axes
  1165 | D:2      | Reached XP level 3. HP: 33/33 MP: 2/2
  1897 | D:2      | Found an ancient bone altar of Kikubaaqudgha.
  1921 | D:2      | Found a faded altar of an unknown god.
  2045 | D:2      | Reached XP level 4. HP: 36/40 MP: 3/3
  2242 | D:2      | Reached ** piety under Trog
  2685 | D:3      | Noticed Ijyb
  2705 | D:3      | Killed Ijyb
  2833 | D:3      | Found a transporter.
  2853 | D:3      | Found a transporter.
  3071 | D:3      | Reached XP level 5. HP: 35/47 MP: 4/4
  3293 | D:3      | Reached skill level 5 in Axes
  3330 | D:3      | Reached skill level 5 in Fighting
  3692 | D:3      | Reached XP level 6. HP: 47/56 MP: 5/5
  4335 | D:4      | Reached *** piety under Trog
  5230 | D:5      | Entered Level 5 of the Dungeon
  5230 | D:5      | Noticed Prince Ribbit
  5252 | D:5      | Killed Prince Ribbit
  5253 | D:5      | Reached skill level 6 in Axes
  5253 | D:5      | Reached skill level 5 in Armour
  5253 | D:5      | Reached XP level 7. HP: 27/63 MP: 6/6
  5694 | D:5      | Reached skill level 5 in Dodging
  6120 | D:5      | Found a basalt altar of Yredelemnul.
  6145 | D:5      | Noticed Grinder
  6170 | D:5      | Killed Grinder
  6171 | D:5      | Reached skill level 1 in Evocations
  6171 | D:5      | Reached XP level 8. HP: 44/71 MP: 7/7
  6196 | D:5      | Found a sparkling altar of Nemelex Xobeh.
  6456 | D:5      | Found an opulent altar of Gozag.
  6834 | D:6      | Found a glowing golden altar of the Shining One.
  6975 | D:6      | Reached skill level 7 in Axes
  7357 | D:6      | Found a hazy altar of Hepliaklqana.
  7394 | D:6      | Found a hide-covered altar of Uskayaw.
  7866 | D:7      | Found a staircase to the Ecumenical Temple.
  7897 | D:7      | Found a snail-covered altar of Cheibriados.
  7897 | D:7      | Found a radiant altar of Vehumet.
  7899 | D:7      | Found a burning altar of Makhleb.
  7901 | D:7      | Found a sparkling altar of Nemelex Xobeh.
  7902 | D:7      | Found a stormy altar of Qazlal.
  8937 | D:8      | Reached XP level 9. HP: 71/79 MP: 8/8
  9431 | D:8      | Found a shadowy altar of Dithmenos.
  9556 | D:8      | Reached skill level 8 in Axes
  9581 | D:8      | Found a broken altar of Ashenzari.
  9795 | D:9      | Noticed a death yak
  9798 | D:9      | Noticed a death yak
  9800 | D:9      | Noticed a death yak
  9934 | D:8      | HP: 2/81 [death yak (16)]
  9935 | D:8      | Mangled by a death yak

Illustrated notes

Levels and vault maps discovered:
D:1:      lightli_arrival_statue_moat, layout_loops_corners
D:2:      layout_basic, kiku_gazebo_garden_becter,
          chequers_ecumenical_altar_simple_redux
D:3:      gammafunk_wand_slinger, layout_loops_ring, uniq_ijyb
D:4:      layout_basic, minmay_misc_feat_more_columns
D:5:      layout_rooms, lemuel_crystal_altar, nicolae_overflow_hidden_temple,
          nemelex_diamond_rough_becter, uniq_grinder, uniq_prince_ribbit1
D:6:      layout_gridville, nzn_hepliaklqana_mist_gate,
          nicolae_tso_swordbearing_angel, lemuel_round_altar
D:7:      layout_gridville, grunt_temple_overflow_open,
          minmay_temple_entry_statues
D:8:      layout_rooms, old_standard_altar, basic_altar
D:9:      minmay_inner_zag, layout_basic, zin_academy, dpeg_lair_monsters,
          uniq_maurice, uniq_grum

Skill      XL: |  1  2  3  4  5  6  7  8  9 |
---------------+----------------------------+-----
Fighting       | 4 5 6 7 |  7.9
Axes           | 4 5 6 7 8 |  8.0
Armour         | 3 4 5 7 |  7.3
Dodging        | 3 4 5 6 |  6.7
Evocations     | 1 3 |  3.4

Action                   |  1- 3 |  4- 6 |  7- 9 || total
-------------------------+-------+-------+-------++-------
Melee: Hand axe          |   100 |   187 |   122 ||   409
       Headbutt          |    11 |    31 |    38 ||    80
       Flail             |       |       |    77 ||    77
Invok: Berserk           |     1 |     1 |       ||     2
       Trog's Hand       |       |     2 |     4 ||     6
Evoke: Wand              |       |       |     1 ||     1
  Use: Scroll            |       |     3 |       ||     3
       Potion            |       |       |     2 ||     2
Armor: Animal skin       |    13 |    13 |       ||    26
       Chain mail        |       |    24 |   114 ||   138
Dodge: Dodged            |    71 |    98 |    95 ||   264
